 Dungeon Crawl Stone Soup version 0.21.1-1-g345015f (webtiles) character file.

67 Iko the Ducker (level 3, -1/35 HPs)
             Began as a Troll Warper on May 25, 2018.
             Slain by a worker ant (7 damage)
             ... on level 4 of the Dungeon.
             The game lasted 00:06:58 (867 turns).

Iko the Ducker (Troll Warper)                        Turns: 867, Time: 00:06:58

Health: -1/35      AC:  5    Str: 19    XL:     3   Next: 98%
Magic:  3/3        EV: 10    Int: 10    God:
Gold:   121        SH:  3    Dex:  9    Spells: 4/4 levels left

rFire    . . .     SeeInvis .   g - +0 mace
rCold    . . .     Gourm    +   (no shield)
rNeg     . . .     Faith    .   a - +0 robe
rPois    .         Spirit   .   (helmet restricted)
rElec    .         Reflect  +   (no cloak)
rCorr    .         Harm     .   (gloves unavailable)
MR       .....                  (boots unavailable)
Stlth    +.........             e - +3 amulet of reflection
HPRegen  0.51/turn              (no ring)
MPRegen  0.08/turn              (no ring)

@: no status effects
A: large, unfitting armour, claws 3, fast metabolism 3, gourmand, regeneration
1, shaggy fur 1, tough skin 2
a: no special abilities


You were on level 4 of the Dungeon.
You were not hungry.

You visited 1 branch of the dungeon, and saw 4 of its levels.

You collected 121 gold pieces.

Inventory:

Hand Weapons
 g - a +0 mace (weapon)
Armour
 a - a +0 robe (worn)
Jewellery
 e - a +3 amulet of reflection (around neck)
Scrolls
 c - 2 scrolls of blinking
 d - a scroll of remove curse {unknown}
Potions
 h - a potion of heal wounds
Books
 b - a book of Spatial Translocations

   Spells                             Type                      Level
   a - Blink                          Translocation                2
   b - Shroud of Golubria             Charms/Translocation         2
   c - Lesser Beckoning               Translocation                3
   d - Gell's Gravitas                Translocation                3
   e - Teleport Other                 Translocation                3
   f - Passage of Golubria            Translocation                4


   Skills:
 + Level 1.8 Fighting
 + Level 1.6 Maces & Flails
 + Level 1.2 Throwing
 + Level 2.7 Dodging
 + Level 2.2 Unarmed Combat
 + Level 1.3 Spellcasting
   Level 2.1 Translocations


You had 4 spell levels left.
You didn't know any spells.

Dungeon Overview and Level Annotations

Branches:
Dungeon (4/15)
 Temple: D:4-7

Altars:


Innate Abilities, Weirdness & Mutations

You are too large for most types of armour.
You have claws for hands.
Your metabolism is lightning-fast.
You like to eat raw meat.
Your natural rate of healing is unusually fast.
You are covered in fur. (AC +1)
You have very tough skin. (AC +2)


Message History

You sock the howler monkey!
The howler monkey is severely wounded.
The howler monkey hoots and howls with incredible vigour!
You block the howler monkey's attack.
You hit the howler monkey.
You kill the howler monkey!
Your Maces & Flails skill increases to level 1!
The worker ant waves its antennae.
You hit the worker ant.
The worker ant is lightly wounded.
The worker ant closely misses you. The worker ant misses you.
You hit the worker ant.
The worker ant is lightly wounded.
The worker ant barely misses you.
You closely miss the worker ant.
The worker ant is lightly wounded.
The worker ant bites you!
* * * LOW HITPOINT WARNING * * *
The worker ant bites you!
You die...

.#..# #.#.######
#.#.##... #.#.##.##
#.#.#...# ##.#..#.#
#.######.......#
#......<.#####.###.##.#
#........# #.@a.....#
##.#####.# #.###<####
#.# #.. #.# #... ...
...## ### ##.# .# .#


You could see a worker ant.

Vanquished Creatures
  A howler monkey (D:4)
  2 dart slugs
  A leopard gecko (D:4)
  4 bats (D:1)
  3 giant cockroaches
  2 goblins (D:1)
  2 hobgoblins
  2 jackals (D:3)
  A frilled lizard (D:3)
  A kobold (D:1)
  8 rats (D:1)
27 creatures vanquished.

Notes
Turn   | Place    | Note
-------+----------+-------------------------------------------
     0 | D:1      | Iko the Troll Warper began the quest for the Orb.
     0 | D:1      | Reached XP level 1. HP: 19/19 MP: 1/1
    71 | D:1      | Reached skill level 1 in Throwing
   123 | D:1      | Reached XP level 2. HP: 27/27 MP: 2/2
   792 | D:3      | Reached XP level 3. HP: 29/33 MP: 3/3
   864 | D:4      | Reached skill level 1 in Maces & Flails
   867 | D:4      | Slain by a worker ant

Skill      XL: |  1  2  3 |
---------------+----------+-----
Dodging        | 2 |  2.7
Throwing       | 1 |  1.2
Maces & Flails | 1 |  1.6
Fighting       | |  1.8
Unarmed Combat | |  2.2
Spellcasting   | |  1.3
Translocations | |  2.1

Action                   || total
-------------------------++-------
Melee: Mace              ||   120
       Punch             ||     1
Throw: Tomahawk          ||     5
  Use: Potion            ||     3
       Scroll            ||     2
  Eat: Ration            ||     2
Armor: Robe              ||    64
Dodge: Dodged            ||   106
Block: Other             ||    18
